 Dungeon Crawl Stone Soup version 0.27-a0-1347-gd8886f0a89 (webtiles) character file.

Game seed: 4326747181035934784

658 spiderkeys the Skirmisher (level 7, -1/49 HPs)
             Began as an Octopode Abyssal Knight on June 27, 2021.
             Was a Believer of Lugonu.
             Slain by a scorpion (8 damage)
             ... on level 6 of the Dungeon.
             The game lasted 00:08:21 (6335 turns).

spiderkeys the Skirmisher (Octopode Abyssal Knight) Turns: 6335, Time: 00:08:22

Health: -1/49      AC:  1    Str: 14    XL:     7   Next: 55%
Magic:  9/10       EV: 11    Int: 14    God:    Lugonu [**....]
Gold:   262        SH: 11    Dex: 11    Spells: 6/6 levels left

rFire    . . .     SeeInvis .   n - +2 spear
rCold    . . .     Faith    .   h - +3 kite shield "Peecihao" {Will+}
rNeg     . . .     Spirit   .   (helmet restricted)
rPois    .         Reflect  .   (no amulet)
rElec    .         Harm     .   L - ring of flight
rCorr    .         Rampage  .   (no ring)
Will     +....                  (no ring)
Stlth    ++........             (no ring)
HPRegen  0.16/turn              (no ring)
MPRegen  0.12/turn              (no ring)
                                (no ring)
                                (no ring)

@: lethally poisoned (-1 -> -11), flying
A: almost no armour, amphibious, 8 rings, camouflage 1, gelatinous body 1,
(nimble swimmer 1), tentacles
a: Renounce Religion, Depart the Abyss, Bend Space


You were on level 6 of the Dungeon.
You worshipped Lugonu.
Lugonu was pleased with you.
You visited 1 branch of the dungeon, and saw 6 of its levels.
You visited the Abyss 1 time.

You collected 262 gold pieces.


Innate Abilities, Weirdness & Mutations

You cannot wear most types of armour.
You are amphibious.
You can wear up to eight rings at the same time.
Your skin changes colour to match your surroundings (Stealth+).
Your rubbery body absorbs attacks. (AC +1, EV +1)
((You are camouflaged near water. (Stealth+)))
You have tentacles for arms and can constrict up to eight enemies at once.


   Skills:
 + Level 4.7 Fighting
 + Level 4.0 Polearms
 + Level 4.3 Dodging
 + Level 2.8 Shields
 + Level 4.3 Invocations


You had 6 spell levels left.
You didn't know any spells.
Your spell library contained the following spells:

 Spells                   Type           Power      Damage    Failure   Level
 Corona                   Hex            0%         N/A       80%         1
 Sandblast                Erth           0%         2d4       80%         1
 Slow                     Hex            0%         N/A       91%         2
 Inner Flame              Hex/Fire       0%         N/A       99%         3
 Portal Projectile        Hex/Tloc       0%         N/A       99%         3
 Cause Fear               Hex            0%         N/A       100%        4
 Leda's Liquefaction      Hex/Erth       0%         N/A       100%        4

Inventory:

Hand Weapons
 n - a +2 spear (weapon)
   (You took it off a gnoll on level 3 of the Dungeon)
Missiles
 b - 23 arrows
 e - 123 stones
 f - 13 poisoned darts
 o - 14 bolts
Armour
 h - the +3 kite shield "Peecihao" (worn) {Will+}
   (You acquired it on level 2 of the Dungeon)

   Will:      It increases your willpower.
Jewellery
 C - a ring of ice
   (You found it on level 3 of the Dungeon)
 L - a ring of flight (left tentacle)
   (You found it on level 1 of the Dungeon)
Scrolls
 a - 3 scrolls of noise {!r}
 d - a scroll of holy word
 j - a scroll of magic mapping {!r}
 k - a scroll of teleportation {@r4}
Potions
 c - a potion of invisibility {unknown}
 g - a potion of curing {@q1}
 i - 2 potions of cancellation
 m - a potion of haste {unknown}

Dungeon Overview and Level Annotations

Branches:
Dungeon (7/15)             Temple (0/1) D:4

Altars:
Nemelex Xobeh
Okawaru
Qazlal
Sif Muna
Trog
Xom
Yredelemnul

...##.###
#........
#......##
...).....
#......#
#......#
#######s.....#
......'@.....##
#######.......#
#........
#........
#........
########......#+
#............##
#...........##
#..........##...


You could see a scorpion.


Message History

The hound bites you. 😕 HP[-2]
You take 2 damage, and now have 42/49 hp.
You barely miss the hound. Your grab misses the hound.
Your squeeze misses the hound. The hound barely misses you.
You hit the hound but do no damage. Your grab misses the hound.
Your squeeze misses the hound. The hound bites you.
You block the hound's attack. 😕 HP[-4]
You take 4 damage, and now have 38/49 hp.
You hit the hound. Your grab misses the hound. The hound bites you.
You block the hound's attack.
You hit the hound. You grab the hound. You constrict the hound.
The hound closely misses you. The hound completely misses you.
You hit the hound. You constrict the hound.
The hound bites you but does no damage.
You hit the hound.
You kill the hound!
Lugonu accepts your kill.
You hit the orc warrior but do no damage.
You grab the orc warrior.
You constrict the orc warrior, but do no damage.
You block the orc warrior's attack.
You hit the orc warrior but do no damage.
You squeeze the orc warrior, but do no damage.
You constrict the orc warrior.
The orc warrior hits you with a +0 dire flail!
You block the orc warrior's attack. 😮 HP[-7]
You take 7 damage, and now have 31/49 hp.
You hit the orc warrior but do no damage.
You constrict the orc warrior.
The orc warrior hits you with a +0 dire flail!
* * * LOW HITPOINT WARNING * * *
😨 HP[-11]
You take 11 damage, and now have 20/49 hp.
MASSIVE DAMAGE!! (PAUSE) Space bends around you!
You blink.
You constrict the orc warrior.
The orc warrior closely misses you. 😨 HP[-2] MP[-1]
You take 2 damage, and now have 18/49 hp.
You lost 1 mp, and now have 9/10 mp.
Unknown command.
Unknown command.
Space bends around you!
You blink.
You lose your grip on the orc warrior. 😨 HP[-2] MP[-1]
You take 2 damage, and now have 16/49 hp.
You lost 1 mp, and now have 8/10 mp.
Space bends sharply around you!
The orc warrior blinks!
You blink. 😨 HP[-2] MP[-1]
You take 2 damage, and now have 14/49 hp.
You lost 1 mp, and now have 7/10 mp.
Unknown command.
As you read the scroll labelled AXKUAM ZOLYZA, it crumbles to dust.
You hear a loud clanging noise!
It was a scroll of noise.
You hear an angry hiss.
You hear an angry growl.
As you read the scroll labelled EPHOSTR UXESU, it crumbles to dust.
It is a scroll of identify.
i - 2 potions of cancellation 😨 HP[+1] Unknown command.
As you read the scroll of teleportation {@r4}, it crumbles to dust.
You feel strangely unstable. 😨 MP[+1]
Your surroundings suddenly seem different.
A scorpion comes into view. 😨 HP[+1] 😨 MP[+1] 😨 HP[+1]
The helpless scorpion fails to defend itself.
You hit the scorpion. Your grab misses the scorpion.
You block the scorpion's attack.
You hit the scorpion. Your grab misses the scorpion.
The scorpion closely misses you.
You hit the scorpion but do no damage. Your grab misses the scorpion.
The scorpion stings you.
* * * LOW HITPOINT WARNING * * *
The scorpion barely misses you. 😨 HP[-1]
You take 1 damage, and now have 16/49 hp.
You closely miss the scorpion. Your grab misses the scorpion.
The scorpion misses you.
You closely miss the scorpion. Your grab misses the scorpion.
The scorpion stings you.
* * * LOW HITPOINT WARNING * * *
You are lethally poisoned!
The scorpion poisons you! 😱 HP[-6]
You take 6 damage, and now have 10/49 hp.
You closely miss the scorpion. You grab the scorpion.
You constrict the scorpion.
* * * LOW HITPOINT WARNING * * *
You feel very sick. The scorpion stings you!
You die...

Skill      XL: |  1  2  3  4  5  6  7 |
---------------+----------------------+-----
Dodging        | 3 4 |  4.3
Invocations    | 3 4 |  4.3
Shields        | 1 2 |  2.8
Polearms       | 3 4 |  4.0
Fighting       | 4 |  4.7

Action                   |  1- 3 |  4- 6 |  7- 9 || total
-------------------------+-------+-------+-------++-------
Melee: Spear             |   105 |   104 |    49 ||   258
       Constrict         |    28 |    17 |    10 ||    55
       Tentacles         |    17 |    22 |    10 ||    49
Throw: Dart              |       |     8 |       ||     8
       Stone             |       |     3 |       ||     3
Invok: Depart the Abyss  |     1 |       |       ||     1
       Bend Space        |       |     1 |     4 ||     5
  Use: Scroll            |     5 |     2 |     3 ||    10
       Potion            |       |       |     2 ||     2
 Stab: Sleeping          |     6 |     7 |     2 ||    15
       Distracted        |       |       |     1 ||     1
Armor: Skin              |     2 |     7 |     1 ||    10
Dodge: Dodged            |    38 |    18 |    17 ||    73
Block: Kite shield       |     5 |    36 |    24 ||    65

Levels and vault maps discovered:
D:1:      lemuel_arrival_behind_the_door_large, layout_basic
D:2:      layout_loops_corners, basic_altar,
          hellmonk_ecumenical_altar_arch_garden, grunt_ministairs_15
D:3:      layout_loops_ring, nzn_overflow_gifts_of_might_and_magic,
          lemuel_round_altar, nicolae_overflow_hidden_temple
D:4:      layout_layer_cave, minmay_temple_entry_drinking_statues
D:6:      minmay_evil_eye, layout_basic, amcnicky_mini_corridor_feature,
          grunt_ministairs_14, nicolae_zen_rock_garden, minmay_holes,
          st_stairs_3
D:7:      layout_loops_ring, david_defended_altar_orc

Notes
Turn   | Place    | Note
-------+----------+-------------------------------------------
     0 | Abyss:1  | spiderkeys the Octopode Abyssal Knight began the quest for
                  | the Orb.
     0 | Abyss:1  | Reached XP level 1. HP: 16/16 MP: 2/2
     0 | Abyss:1  | magus.rc [v1.9.10]
    42 | Abyss:1  | Found a corrupted altar of Lugonu.
   135 | Abyss:2  | Noticed a quasit
   137 | Abyss:2  | Noticed a starcursed mass
   146 | Abyss:2  | Noticed a wretched star
   164 | Abyss:3  | Noticed a starcursed mass
   174 | Abyss:3  | Noticed an ancient zyme
   186 | Abyss:3  | Noticed a tentacled starspawn
   195 | D:1      | You pass through the gate.
   195 | D:1      | Escaped the Abyss
   400 | D:1      | Reached * piety under Lugonu
   401 | D:1      | Reached XP level 2. HP: 18/21 MP: 3/3
   975 | D:2      | Reached XP level 3. HP: 17/26 MP: 4/4
  1218 | D:2      | Found a shimmering altar of Xom.
  1296 | D:2      | Found a faded altar of an unknown god.
  2192 | D:2      | Identified a scroll of acquirement
  2192 | D:2      | Acquired the +3 kite shield "Peecihao" {Will+}
  2232 | D:3      | HP: 6/26 [orc (5)]
  2234 | D:2      | Reached ** piety under Lugonu
  2235 | D:2      | Reached skill level 3 in Dodging
  2739 | D:3      | Reached XP level 4. HP: 25/31 MP: 6/6
  3264 | D:3      | Found a stormy altar of Qazlal.
  3338 | D:3      | Reached skill level 3 in Invocations
  3550 | D:3      | Found a shimmering blue altar of Sif Muna.
  3558 | D:3      | Reached skill level 1 in Shields
  3643 | D:3      | Identified Sif Muna's Catalogue of Stones
  3655 | D:3      | HP: 7/33 [gnoll (5)]
  3899 | D:3      | Reached XP level 5. HP: 26/37 MP: 7/7
  4087 | D:3      | Found an iron altar of Okawaru.
  4206 | D:3      | Found a bloodstained altar of Trog.
  4275 | D:3      | Found a sparkling altar of Nemelex Xobeh.
  4277 | D:3      | Found a basalt altar of Yredelemnul.
  4430 | D:4      | Found a staircase to the Ecumenical Temple.
  4439 | D:4      | Reached skill level 3 in Polearms
  4498 | D:4      | Reached skill level 4 in Fighting
  4498 | D:4      | Reached XP level 6. HP: 28/43 MP: 8/8
  4652 | D:4      | Reached skill level 2 in Shields
  5245 | D:4      | You pick up a book of Debilitation and begin reading...
  5245 | D:4      | You add the spells Corona, Slow, Inner Flame, Portal
                  | Projectile, Cause Fear and Leda's Liquefaction to your
                  | library.
  5286 | D:4      | Reached skill level 4 in Dodging
  5286 | D:4      | Reached XP level 7. HP: 33/49 MP: 9/9
  5606 | D:4      | Reached skill level 4 in Invocations
  5786 | D:4      | HP: 11/49 [something/puff of flame (11)]
  6179 | D:4      | You are sucked into a shaft and drop 3 floors!
  6301 | D:6      | Reached skill level 4 in Polearms
  6334 | D:6      | HP: 10/49 [scorpion (6)]
  6335 | D:6      | Slain by a scorpion

Vanquished Creatures
  A bullfrog (D:7)
  2 scorpions (D:4)
  A water moccasin skeleton (D:4)
  An orc priest (D:4)
  2 hounds (D:6)
  A jelly (D:4)
  A centaur skeleton (D:4)
  A bullfrog skeleton (D:4)
  2 iguanas (D:4)
  An orc wizard (D:4)
  A hound zombie (D:3)
  4 gnolls (D:3)
  3 adders
  A white imp (D:3)
  2 adder skeletons (D:4)
  A worm (D:2)
  2 dart slugs
  4 orcs
  7 ball pythons
  6 endoplasms
  3 giant cockroaches
  5 goblins
  7 hobgoblins
  11 jackals (D:2)
  5 kobolds
  5 quokkas
  5 frilled lizards
  2 rats (D:1)
87 creatures vanquished.

Table legend:
 A = Non-vault XP
 B = Vault XP
 C = Vault XP percentage of total XP
 D = Non-vault monster count
 E = Vault monster count
 F = Vault count percentage of total count
                 A         B        C        D         E       F
            +---------+---------+-------+---------+---------+-------
      Total |     824 |     116 |  12.3 |      79 |       8 |   9.2
            +---------+---------+-------+---------+---------+-------
        D:1 |      17 |       0 |   0.0 |      10 |       0 |   0.0
        D:2 |      47 |       8 |  14.5 |      23 |       4 |  14.8
        D:3 |     100 |      24 |  19.4 |      17 |       2 |  10.5
        D:4 |     570 |       0 |   0.0 |      28 |       0 |   0.0
        D:6 |       0 |      84 | 100.0 |       0 |       2 | 100.0
        D:7 |      90 |       0 |   0.0 |       1 |       0 |   0.0
            +---------+---------+-------+---------+---------+-------

Illustrated notes

Table legend:
 A = Kills in this place as a percentage of kills in entire the game.
 B = Kills by you in this place as a percentage of kills by you in the entire game.
 C = Kills by friends in this place as a percentage of kills by friends in the entire game.
 D = Other kills in this place as a percentage of other kills in the entire game.
 E = Experience gained in this place as a percentage of experience gained in the entire game.
 F = Experience gained in this place divided by the number of levels of this place that you have seen.
                   A       B       C       D       E      F
               +-------+-------+-------+-------+-------+----------------------
         Total | 100.0 | 100.0 |   N/A |   N/A | 100.0 | 104.4
       Dungeon | 100.0 | 100.0 |   N/A |   N/A | 100.0 | 156.7
               +-------+-------+-------+-------+-------+----------------------

Table legend: (Time is in decaauts)
 A = Elapsed time spent in this place.
 B = Non-inter-level travel time spent in this place.
 C = Inter-level travel time spent in this place.
 D = Time resting spent in this place.
 E = Time spent auto-exploring this place.
 F = Levels seen in this place.
 G = Mean time per level.
                   A        B        C        D        E       F      G
               +--------+--------+--------+--------+--------+-----+--------+
         Total |   6376 |   6149 |    227 |   1324 |   3846 |   9 |  708.4 |
       Dungeon |   6181 |   5954 |    227 |   1324 |   3846 |   6 | 1030.2 |
         Abyss |    194 |    194 |      0 |      0 |      0 |   3 |   64.7 |
               +--------+--------+--------+--------+--------+-----+--------+

Top non-repeatable levels by time:
     D:2: 2321 daAuts
     D:3: 1555 daAuts
     D:4: 1510 daAuts
     D:1: 635 daAuts
 Abyss:1: 95 daAuts
     D:6: 87 daAuts
     D:7: 71 daAuts
 Abyss:2: 50 daAuts
 Abyss:3: 48 daAuts
